[Event "Team 45 45 League T89"]
[Site "Internet Chess Club"]
[Date "2021.07.24"]
[Round "3"]
[White "fhunfi"]
[Black "elmaestro"]
[Result "1-0"]
[WhiteElo "1791"]
[BlackElo "1601"]
[Opening "Sicilian defense"]
[ECO "B20"]
[Time "19:36:30"]
[TimeControl "2700+45"]

1. e4 c5 2. b3 d6 3. Bb2 e5 4. Bc4 Nf6 5. Nc3 a6 6. a4 Nc6 7. Nge2 Bg4 8. f3 Be6
9. d3 Bxc4 10. dxc4 Nd4 11. O-O Be7 12. Nxd4 cxd4 13. Ne2 O-O 14. Nc1 h5 15. Nd3
g5 16. Qe2 a5 17. Bc1 Nh7 18. f4 g4 19. fxe5 dxe5 20. Bh6 Qd6 21. Bxf8 Rxf8 22.
Rf5 f6 23. Raf1 Ng5 24. h4 gxh3 25. Qxh5 Kg7 26. Nxe5 fxe5 27. Rxf8 Qg6 28. Qh8#
{Black checkmated} 1-0

[Event "Team 45 45 League T89"]
[Site "Internet Chess Club"]
[Date "2021.07.27"]
[Round "3"]
[White "filmdirector"]
[Black "Lawkeito"]
[Result "1/2-1/2"]
[WhiteElo "1614"]
[BlackElo "1541"]
[Opening "Bishop's opening"]
[ECO "C23"]
[Time "18:10:51"]
[TimeControl "2700+45"]

1. e4 e5 2. Bc4 Nc6 3. Qh5 g6 4. Qf3 Nf6 5. Nc3 Bg7 6. d3 Nd4 7. Qd1 d6 8. Nce2
Nc6 9. f4 Na5 10. Bb3 Nxb3 11. axb3 Qe7 12. Nf3 Bg4 13. h3 Bxf3 14. gxf3 d5 15.
fxe5 Qxe5 16. d4 Qh5 17. e5 Qh4+ 18. Kf1 Nh5 19. Be3 O-O 20. Bf2 Qe7 21. Qd2 a6
22. Kg2 f6 23. Bh4 g5 24. exf6 Bxf6 25. Bf2 Rae8 26. Rae1 Qf7 27. Bg3 Bd8 28.
Rhf1 Nxg3 29. Nxg3 Rxe1 30. Qxe1 c6 31. Qf2 Bc7 32. Ne2 Qh5 33. Ng3 Qg6 34. c3
h5 35. Qe3 Re8 36. Qd2 h4 37. Ne2 Bf4 38. Qd1 {Game drawn by mutual agreement}
1/2-1/2

[Event "Team 45 45 League T89"]
[Site "Internet Chess Club"]
[Date "2021.07.23"]
[Round "3"]
[White "noblitz-oblige"]
[Black "Mitochondria"]
[Result "1-0"]
[WhiteElo "1534"]
[BlackElo "1512"]
[Opening "Sicilian: Najdorf"]
[ECO "B90"]
[Time "20:55:36"]
[TimeControl "2700+45"]

1. e4 c5 2. Nf3 d6 3. d4 cxd4 4. Nxd4 Nf6 5. Nc3 a6 6. Bd3 e6 7. O-O Be7 8. h3
O-O 9. Be3 b5 10. a4 b4 11. Nce2 Bb7 12. f3 d5 13. e5 Nfd7 14. f4 Nc5 15. c3
Nxd3 16. Qxd3 bxc3 17. Nxc3 Nc6 18. Rac1 Qd7 19. Nxc6 Bxc6 20. b3 Rfd8 21. Bd4
Bb7 22. f5 Ba3 23. Rc2 Rdc8 24. f6 Bc5 25. Bxc5 Rxc5 26. Qe3 Rac8 27. Qg5 g6 28.
Qh6 {Black resigns} 1-0

[Event "Team 45 45 League T89"]
[Site "Internet Chess Club"]
[Date "2021.07.24"]
[Round "3"]
[White "bobhill"]
[Black "Packerfan"]
[Result "1-0"]
[WhiteElo "1889"]
[BlackElo "1808"]
[Opening "Queen's bishop game"]
[ECO "D02"]
[Time "10:04:48"]
[TimeControl "2700+45"]

1. d4 d5 2. Nf3 Nf6 3. Bf4 Bf5 4. e3 c6 5. c3 e6 6. Qb3 Qc8 7. Nbd2 Nbd7 8. Be2
Be7 9. O-O h6 10. h3 O-O 11. c4 Ne4 12. Nxe4 Bxe4 13. Nd2 dxc4 14. Nxc4 Bd5 15.
Qc2 Bxc4 16. Bxc4 Nb6 17. Bb3 Qd7 18. a3 Bd6 19. Bxd6 Qxd6 20. Rad1 Rac8 21. Qe2
Nd5 22. e4 Ne7 23. e5 Qc7 24. Qe4 Rcd8 25. Bc2 g6 26. Qf4 h5 27. g4 hxg4 28.
hxg4 Kg7 29. Qf6+ Kg8 30. Be4 Nd5 31. Bxd5 cxd5 32. Kg2 Qc2 33. Rh1 Qe4+ 34. Kg3
{Black resigns} 1-0

[Event "Team 45 45 League T89"]
[Site "Internet Chess Club"]
[Date "2021.07.22"]
[Round "3"]
[White "DeepPoo"]
[Black "CPTsopiens"]
[Result "0-1"]
[WhiteElo "1742"]
[BlackElo "1744"]
[Opening "Trompowsky attack (Ruth, Opocenský opening)"]
[ECO "A45"]
[Time "17:07:49"]
[TimeControl "2700+45"]

1. d4 Nf6 2. Bg5 e6 3. e4 Be7 4. e5 Nd5 5. Bxe7 Qxe7 6. c3 O-O 7. Nh3 d6 8. Bd3
dxe5 9. dxe5 Nd7 10. c4 Qb4+ 11. Nd2 Qxb2 12. cxd5 Qxe5+ 13. Be2 exd5 14. O-O
Nf6 15. Nf3 Qd6 16. Kh1 Bxh3 17. gxh3 Rfe8 18. Rg1 Qe6 19. Nd4 Qe5 20. Bg4 c5
21. Nf5 g6 22. Ng3 b6 23. Qd2 h5 24. Rae1 Ne4 25. Nxe4 dxe4 26. Bd1 Kh7 27. Rg5
Qf6 28. Reg1 Re5 29. Rxe5 Qxe5 30. Rg5 Qd4 31. Qxd4 cxd4 32. Rd5 d3 33. Rd7 Kg7
34. f3 Rc8 35. Kg2 Rc1 36. Bb3 e3 37. Rxf7+ Kh6 38. Re7 e2 39. Bc4 Rxc4 40. Kf2
Rc1 41. Re3 Rf1+ 42. Kg2 e1=Q {White resigns} 0-1

[Event "Team 45 45 League T89"]
[Site "Internet Chess Club"]
[Date "2021.07.23"]
[Round "3"]
[White "Beetlejuice"]
[Black "Boxermam"]
[Result "1/2-1/2"]
[WhiteElo "1709"]
[BlackElo "1716"]
[Opening "Nimzo-Indian: Kmoch variation"]
[ECO "E20"]
[Time "14:00:47"]
[TimeControl "2700+45"]

1. d4 e6 2. c4 Nf6 3. Nc3 Bb4 4. f3 d5 5. a3 Bxc3+ 6. bxc3 O-O 7. cxd5 exd5 8.
e3 b6 9. Bd3 Bb7 10. Ne2 c5 11. O-O Re8 12. Ng3 Nc6 13. Ra2 cxd4 14. cxd4 Rc8
15. Bd2 Rc7 16. Qb3 Na5 17. Bxa5 bxa5 18. Rc2 a4 19. Qxa4 Rxe3 20. Rd1 Rxc2 21.
Qxc2 g6 22. Nf1 Re6 23. Nd2 Qb6 24. Nb3 Nd7 25. Rb1 Qc6 26. Nc5 Nxc5 27. Qxc5
Qxc5 28. dxc5 Bc6 29. Kf2 Kg7 30. Rb8 {Game drawn by mutual agreement} 1/2-1/2

[Event "Team 45 45 League T89"]
[Site "Internet Chess Club"]
[Date "2021.07.24"]
[Round "3"]
[White "ivanson"]
[Black "Kingfisher75"]
[Result "1/2-1/2"]
[WhiteElo "1575"]
[BlackElo "1584"]
[Opening "Ruy Lopez: closed, Keres (...Nd7) defense"]
[ECO "C96"]
[Time "18:05:09"]
[TimeControl "2700+45"]

1. e4 e5 2. Nf3 Nc6 3. Bb5 a6 4. Ba4 Nf6 5. O-O Be7 6. Re1 b5 7. Bb3 d6 8. c3
O-O 9. h3 Na5 10. Bc2 c5 11. d4 Nd7 12. Nbd2 exd4 13. cxd4 Nc6 14. Nb3 cxd4 15.
Nbxd4 Bb7 16. Nf5 Nce5 17. Nxd6 Nxf3+ 18. gxf3 Qb6 19. Nxb7 Qxb7 20. Bf4 Rfd8
21. Qe2 Nc5 22. Rad1 Ne6 23. Be3 Bg5 24. Bb3 Nf4 25. Bxf4 Bxf4 26. Qf1 Qe7 27.
Qg2 Qe5 28. Qg4 Rd6 29. Rxd6 Qxd6 30. Qf5 Rf8 31. Rd1 Qg6+ 32. Qxg6 hxg6 33. a4
bxa4 34. Bxa4 Rc8 35. Kg2 g5 36. Re1 Be5 37. Re2 Rc4 38. b3 Rc7 39. Rd2 {Game
drawn by mutual agreement} 1/2-1/2

[Event "Team 45 45 League T89"]
[Site "Internet Chess Club"]
[Date "2021.07.26"]
[Round "3"]
[White "primerpaso"]
[Black "KidRattler"]
[Result "1-0"]
[WhiteElo "1868"]
[BlackElo "1735"]
[Opening "English: Caro-Kann defensive system"]
[ECO "A11"]
[Time "15:09:47"]
[TimeControl "2700+45"]

1. c4 c6 2. Nc3 Nf6 3. g3 d5 4. cxd5 cxd5 5. d4 a6 6. Bg2 e6 7. Nf3 Nc6 8. O-O
Bd6 9. a3 b5 10. b4 Bb7 11. Bb2 O-O 12. Qb3 Qd7 13. Rfd1 Ne7 14. Ne5 Bxe5 15.
dxe5 Ne8 16. Ne4 Nc7 17. Rac1 Bc6 18. Qd3 Rfd8 19. Ng5 g6 20. Qd4 h6 21. Ne4 Ne8
22. Qc3 Rac8 23. Nc5 Qa7 24. h4 Qa8 25. Qd2 h5 26. Bd4 Ng7 27. Rc3 Ngf5 28. e3
Rc7 29. Rdc1 Rdc8 30. Nb3 Nxd4 31. exd4 Qa7 32. Nc5 Kg7 33. Bh3 Be8 34. Bxe6
Rxc5 35. Bxc8 Rc4 36. Bh3 Qb7 37. Bf1 Rc6 38. Rc5 Qd7 39. Bg2 Qg4 40. Qg5 Qxd4
41. Qxe7 Re6 42. Qd8 Rxe5 43. Rxd5 Qb2 44. Rxe5 Qxe5 45. Rd1 f6 46. Rd3 Bf7 47.
Qd4 Qe1+ 48. Kh2 a5 49. Rf3 Qe5 50. Qxe5 fxe5 51. bxa5 g5 52. Rxf7+ Kxf7 53. a6
b4 54. axb4 gxh4 55. gxh4 e4 56. a7 e3 57. fxe3 Kf6 58. a8=Q Ke5 59. Qd5+ Kf6
60. b5 {Black resigns} 1-0

[Event "Team 45 45 League T89"]
[Site "Internet Chess Club"]
[Date "2021.07.22"]
[Round "3"]
[White "MathMonkey"]
[Black "QuieroAprender"]
[Result "0-1"]
[WhiteElo "1519"]
[BlackElo "1666"]
[Opening "Ruy Lopez: Marshall, main line, 14...Qh3"]
[ECO "C89"]
[Time "21:04:36"]
[TimeControl "2700+45"]

1. e4 e5 2. Nf3 Nc6 3. Bb5 a6 4. Ba4 Nf6 5. O-O Be7 6. Re1 b5 7. Bb3 O-O 8. c3
d5 9. exd5 Nxd5 10. Nxe5 Nxe5 11. Rxe5 c6 12. d4 Bd6 13. Re1 Qh4 14. g3 Qh3 15.
Qf3 Bg4 16. Qg2 Qh5 17. Nd2 Bh3 18. Qf3 Rae8 19. Qd1 f5 20. Bxd5+ cxd5 21. b3
Rxe1+ 22. Qxe1 Re8 23. Bb2 Rxe1+ 24. Rxe1 f4 25. c4 Bb4 26. Bc1 Bxd2 27. Bxd2
Qf3 28. Re8+ Kf7 29. Re7+ Kxe7 30. Bb4+ Kd7 31. gxf4 Qg2# {White checkmated} 0-1

[Event "Team 45 45 League T89"]
[Site "Internet Chess Club"]
[Date "2021.07.23"]
[Round "3"]
[White "ElValero"]
[Black "Demachaeron"]
[Result "1-0"]
[WhiteElo "1636"]
[BlackElo "1710"]
[Opening "QGD Slav defense: exchange variation"]
[ECO "D13"]
[Time "12:02:36"]
[TimeControl "2700+45"]

1. d4 d5 2. c4 c6 3. cxd5 cxd5 4. Nc3 Nf6 5. Nf3 Nc6 6. Bf4 e6 7. e3 Qa5 8. Nd2
Bb4 9. Nb5 O-O 10. Bd3 Bd7 11. a3 Bxd2+ 12. Qxd2 Qxd2+ 13. Kxd2 Na5 14. Ke2 a6
15. Nc3 Rac8 16. f3 Rfe8 17. Be5 h6 18. Bxf6 gxf6 19. e4 Nb3 20. Rad1 Nxd4+ 21.
Kf2 Bb5 22. exd5 Bxd3 23. Rxd3 e5 24. Re1 Kg7 25. g4 Nb3 26. Kg3 Nc5 27. Rde3
Rcd8 28. Kg2 Nb3 29. f4 Nd4 30. fxe5 f5 31. Rd3 Ne6 32. Rf3 fxg4 33. Rf6 Ng5 34.
Rb6 Rd7 35. Kg3 Nf3 36. e6 fxe6 37. Rexe6 Rxe6 38. dxe6 Rd3 39. Rxb7+ Kf8 40.
Kxg4 Nxh2+ 41. Kf4 Rd2 42. Ke5 Nf3+ 43. Kf6 Ke8 44. Ne4 Rd4 45. Rh7 {Black
resigns} 1-0

[Event "Team 45 45 League T89"]
[Site "Internet Chess Club"]
[Date "2021.07.27"]
[Round "3"]
[White "Kingsacrificed"]
[Black "Portola"]
[Result "0-1"]
[WhiteElo "1463"]
[BlackElo "1691"]
[Opening "French: exchange, Svenonius variation"]
[ECO "C00"]
[Time "12:00:10"]
[TimeControl "2700+45"]

1. e4 e6 2. Nc3 d5 3. exd5 exd5 4. d4 Nf6 5. Bg5 Be7 6. Nf3 Bf5 7. Bd3 Bg6 8.
Ne5 O-O 9. O-O c6 10. Re1 Nbd7 11. Ne2 Ne4 12. Bxe7 Qxe7 13. Nxg6 hxg6 14. Ng3
Qb4 15. Bxe4 dxe4 16. Nxe4 Qxb2 17. Rb1 Qxa2 18. Rxb7 Nb6 19. Nc5 Rfe8 20. Ree7
Rxe7 21. Rxe7 Nd5 22. Rb7 Re8 23. g3 Nc3 24. Qd2 Ne2+ 25. Kg2 Qd5+ 26. f3 Nxd4
27. Ne4 f5 28. Nc3 Qxf3+ 29. Kh3 Qf1+ 30. Qg2 Qa6 31. Rd7 Qc4 32. Rxd4 Qxd4 33.
Qxc6 Qe5 34. Nd5 g5 35. Qc4 Qe6 36. Qd3 g4+ 37. Kg2 Qe2+ {White resigns} 0-1

[Event "Team 45 45 League T89"]
[Site "Internet Chess Club"]
[Date "2021.07.26"]
[Round "3"]
[White "zugknightly"]
[Black "MathMonkey"]
[Result "1-0"]
[WhiteElo "1923"]
[BlackElo "1516"]
[Opening "Grünfeld: exchange, Spassky variation"]
[ECO "D87"]
[Time "19:00:15"]
[TimeControl "2700+45"]

1. d4 Nf6 2. c4 g6 3. Nc3 d5 4. cxd5 Nxd5 5. e4 Nxc3 6. bxc3 Bg7 7. Bc4 c5 8.
Ne2 O-O 9. Be3 Qc7 10. Rc1 Rd8 11. O-O Nc6 12. f3 b6 13. Qe1 Bb7 14. Qf2 Na5 15.
Bd3 Qd7 16. f4 e6 17. Rcd1 c4 18. Bc2 f5 19. Ng3 b5 20. d5 exd5 21. exf5 Bxc3
22. fxg6 d4 23. gxh7+ Kh8 24. Ne2 Qg7 25. Bxd4 Bxd4 26. Nxd4 Rxd4 27. Qxd4 b4
28. Qxg7+ Kxg7 29. Rd7+ Kh8 30. f5 Ba6 31. f6 b3 32. axb3 cxb3 33. Be4 Bxf1 34.
Bxa8 Bc4 35. Be4 a6 36. Rd8+ Bg8 37. hxg8=Q# {Black checkmated} 1-0

[Event "Team 45 45 League T89"]
[Site "Internet Chess Club"]
[Date "2021.07.24"]
[Round "3"]
[White "DeepPoo"]
[Black "Ajolote"]
[Result "0-1"]
[WhiteElo "1735"]
[BlackElo "1976"]
[Opening "Levitsky attack (Queen's bishop attack)"]
[ECO "D00"]
[Time "14:03:15"]
[TimeControl "2700+45"]

1. d4 d5 2. Bg5 h6 3. Bh4 g5 4. Bg3 Bg7 5. e3 Bf5 6. Bd3 Bxd3 7. Qxd3 c6 8. Nd2
Nf6 9. Bxb8 Qxb8 10. Ngf3 Qc7 11. Ne5 Nd7 12. Nxd7 Qxd7 13. h3 O-O 14. c3 b6 15.
Nf1 c5 16. Ng3 a6 17. Nf5 e6 18. Nxg7 Kxg7 19. dxc5 bxc5 20. O-O Qb5 21. Qc2
Rab8 22. b3 a5 23. Rfd1 a4 24. Rab1 a3 25. Qd3 Qxd3 26. Rxd3 Rb7 27. Rd2 f5 28.
Kf1 h5 29. Ke2 h4 30. f3 Kf6 31. Kd3 Rg8 32. b4 Rgb8 33. Kc2 cxb4 34. cxb4 Rxb4
35. Rxb4 Rxb4 36. Kc3 Rb7 37. Rd4 Rb2 38. Rd2 Rxd2 39. Kxd2 f4 40. exf4 gxf4 41.
Kc3 Ke5 42. Kb3 Kd4 43. Kc2 e5 44. Kd2 e4 45. fxe4 dxe4 46. Kd1 Kc3 47. Kc1 f3
48. gxf3 exf3 {White resigns} 0-1

[Event "Team 45 45 League T89"]
[Site "Internet Chess Club"]
[Date "2021.07.23"]
[Round "3"]
[White "KidRattler"]
[Black "ascoli"]
[Result "0-1"]
[WhiteElo "1746"]
[BlackElo "1609"]
[Opening "Benko's opening"]
[ECO "A00"]
[Time "10:06:37"]
[TimeControl "2700+45"]

1. g3 Nf6 2. Bg2 g6 3. c4 Bg7 4. d4 O-O 5. Nc3 d6 6. e4 e5 7. dxe5 dxe5 8. Qxd8
Rxd8 9. Bg5 c6 10. Nge2 Be6 11. b3 h6 12. Be3 Na6 13. a3 Ng4 14. Nc1 Nxe3 15.
fxe3 Nc5 16. Bf1 Bg4 17. b4 Bf3 18. Rg1 Nxe4 19. Nxe4 Bxe4 20. Bg2 Bc2 21. Ke2
e4 22. Ra2 Bb1 23. Rd2 Rxd2+ 24. Kxd2 Rd8+ 25. Ke2 Bb2 26. a4 Bc2 27. g4 Bc3 28.
Kf2 Bxb4 29. Kg3 Bd2 30. Kf2 Bxa4 31. Bxe4 Re8 32. Kf3 Kf8 33. Ne2 f5 34. gxf5
gxf5 35. Bxf5 Rxe3+ 36. Kf2 Re5 37. Ra1 Rxf5+ 38. Kg2 b5 39. Ra2 Be3 40. Nc3 Bb3
41. Re2 Bd4 42. cxb5 Bxc3 43. bxc6 Bd5+ 44. Kh3 Bxc6 45. Ra2 a5 46. Ra3 Bb4 47.
Ra1 a4 48. Kh4 a3 49. Kh3 Ra5 50. Kh4 a2 51. h3 Bc3 52. Rf1+ Kg8 53. Rg1+ Bg7
54. Rd1 a1=Q 55. Rg1 Qf6+ 56. Kg3 Rg5+ 57. Kh2 Qf2+ 58. Rg2 Qxg2# {White
checkmated} 0-1

[Event "Team 45 45 League T89"]
[Site "Internet Chess Club"]
[Date "2021.07.25"]
[Round "3"]
[White "GrandUnified"]
[Black "hipopotamos"]
[Result "0-1"]
[WhiteElo "1604"]
[BlackElo "1680"]
[Opening "Torre attack (Tartakower variation)"]
[ECO "D03"]
[Time "18:30:26"]
[TimeControl "2700+45"]

1. d4 d5 2. Nf3 Nf6 3. Bg5 Bf5 4. Bxf6 exf6 5. e3 Be7 6. Bd3 Bxd3 7. Qxd3 O-O 8.
Nbd2 Nd7 9. O-O c5 10. c3 Rc8 11. Rfc1 Qb6 12. Qf5 Rfd8 13. Qxd5 cxd4 14. exd4
Qxb2 15. Rab1 Qa3 16. Qxb7 Rb8 17. Qd5 Rxb1 18. Rxb1 Qxc3 19. Nb3 Nc5 20. Qc6
Qd3 21. Re1 Ne6 22. Qb7 Kf8 23. Qxa7 Bb4 24. Rc1 Nf4 25. Qc7 Ne2+ 26. Kh1 Re8
27. Qc4 Nxc1 28. Qxc1 Bd6 29. Nfd2 Qe2 30. Kg1 Qe1+ 31. Nf1 Qxc1 32. Nxc1 Re1
33. Nb3 Bxh2+ 34. Kxh2 Rxf1 35. Kg3 Rb1 36. Kf3 Rb2 37. Ke3 Rxa2 38. Nc5 Ke7 39.
g4 Kd6 40. Nd3 g6 41. f4 Ra3 42. f5 gxf5 43. gxf5 h5 44. Ke4 Rxd3 45. Kxd3 Kd5
46. Ke3 h4 47. Kf3 Kxd4 48. Kg4 Ke4 49. Kxh4 Kxf5 50. Kg3 Ke4 51. Kf2 f5 52. Ke2
f4 53. Kf2 f3 54. Kf1 Ke3 55. Ke1 f2+ 56. Kf1 f5 {White resigns} 0-1

[Event "Team 45 45 League T89"]
[Site "Internet Chess Club"]
[Date "2021.07.26"]
[Round "3"]
[White "janh"]
[Black "Sloggi"]
[Result "1/2-1/2"]
[WhiteElo "1971"]
[BlackElo "1928"]
[Opening "Queen's pawn: Chigorin variation"]
[ECO "D00"]
[Time "22:14:54"]
[TimeControl "2700+45"]

1. d4 d5 2. Nc3 Nf6 3. Bf4 e6 4. Nb5 Na6 5. e3 Be7 6. Nf3 O-O 7. Be2 Bb4+ 8. c3
Be7 9. a4 c6 10. Na3 c5 11. Nb5 Nh5 12. Be5 f6 13. Bg3 Nxg3 14. hxg3 Nc7 15. Qc2
g6 16. Bd3 Kg7 17. Nh4 f5 18. Nf3 a6 19. Nxc7 Qxc7 20. Ne5 Bd6 21. f4 Bd7 22.
Qe2 c4 23. Bc2 b5 24. axb5 axb5 25. Kf2 b4 26. cxb4 Bxb4 27. g4 Bd6 28. gxf5
exf5 29. Qf3 Bxe5 30. fxe5 Be6 31. Qh3 h5 32. Rxa8 Rxa8 33. Qh4 Qf7 34. Qg5 Kf8
{Game drawn by mutual agreement} 1/2-1/2

[Event "Team 45 45 League T89"]
[Site "Internet Chess Club"]
[Date "2021.07.24"]
[Round "3"]
[White "Tufnell"]
[Black "achessman"]
[Result "1-0"]
[WhiteElo "1905"]
[BlackElo "1853"]
[Opening "Caro-Kann: Tartakower (Nimzovich) variation"]
[ECO "B15"]
[Time "06:06:59"]
[TimeControl "2700+45"]

1. e4 c6 2. d4 d5 3. Nd2 dxe4 4. Nxe4 Nf6 5. Nxf6+ exf6 6. c3 Bd6 7. Bd3 O-O 8.
Qc2 Re8+ 9. Ne2 h5 10. Be3 Be6 11. Ng3 h4 12. Nf5 Bxf5 13. Bxf5 Bf4 14. O-O Qd6
15. Bxf4 Qxf4 16. Rae1 Na6 17. Re4 Rxe4 18. Qxe4 Qxe4 19. Bxe4 Re8 20. Bd3 Nc7
21. Rd1 Kf8 22. Kf1 Ke7 23. Re1+ Kd7 24. Rxe8 Nxe8 25. Ke2 Nd6 26. Kf3 g5 27.
Kg4 Ke7 28. f4 gxf4 29. Kxh4 Kf8 30. Kg4 Kg7 31. Kxf4 Kh6 32. a3 Kg7 33. c4 a5
34. b4 axb4 35. axb4 Kh6 36. c5 Nc8 37. Bc4 Kg6 38. d5 cxd5 39. Bxd5 b6 40. Bb7
{Black resigns} 1-0

[Event "Team 45 45 League T89"]
[Site "Internet Chess Club"]
[Date "2021.07.23"]
[Round "3"]
[White "primerpaso"]
[Black "room-matt"]
[Result "1-0"]
[WhiteElo "1857"]
[BlackElo "1782"]
[Opening "English: Bremen, Smyslov system"]
[ECO "A21"]
[Time "14:02:16"]
[TimeControl "2700+45"]

1. c4 e5 2. Nc3 Bb4 3. g3 Nf6 4. Bg2 Bxc3 5. bxc3 O-O 6. e4 Nc6 7. Ne2 d6 8. O-O
Na5 9. d3 c5 10. f4 Bg4 11. h3 Be6 12. f5 Bd7 13. g4 h6 14. g5 hxg5 15. Bxg5 Kh7
16. Ng3 Rh8 17. Nh5 Bc6 18. Bxf6 gxf6 19. Qg4 Rg8 20. Qh4 Rh8 21. Rf3 Kg8 22.
Nxf6+ {Black resigns} 1-0

[Event "Team 45 45 League T89"]
[Site "Internet Chess Club"]
[Date "2021.07.24"]
[Round "3"]
[White "fhunfi"]
[Black "ElValero"]
[Result "1/2-1/2"]
[WhiteElo "1782"]
[BlackElo "1643"]
[Opening "French: Winawer (Nimzovich) variation"]
[ECO "C15"]
[Time "10:00:45"]
[TimeControl "2700+45"]

1. e4 e6 2. d4 d5 3. Nc3 Bb4 4. exd5 exd5 5. Qf3 Nc6 6. Ne2 Qh4 7. g3 Qg4 8.
Qxg4 Bxg4 9. Bd2 Bf3 10. Rg1 Nf6 11. Bg2 Bxg2 12. Rxg2 Bxc3 13. Bxc3 O-O-O 14.
O-O-O Rhe8 15. f3 Re3 16. Rf2 Rde8 17. Kd2 g5 18. g4 b5 19. b4 R3e6 20. Ng3 Ne7
21. Re2 Ng6 22. Rxe6 Rxe6 23. Re1 Rxe1 24. Kxe1 Nf4 25. Bd2 Ne6 26. c3 Kd7 27.
Nf5 h5 28. h3 hxg4 29. hxg4 Ne8 30. Kf2 Nd6 31. Nxd6 Kxd6 {Game drawn by mutual
agreement} 1/2-1/2

[Event "Team 45 45 League T89"]
[Site "Internet Chess Club"]
[Date "2021.07.21"]
[Round "3"]
[White "nidusin2"]
[Black "jaboti"]
[Result "1/2-1/2"]
[WhiteElo "1649"]
[BlackElo "1625"]
[Opening "French defense"]
[ECO "C00"]
[Time "20:36:47"]
[TimeControl "2700+45"]

1. e4 e6 2. Nc3 d5 3. exd5 exd5 4. d4 Bb4 5. Bd2 Ne7 6. Bd3 Nec6 7. Nge2 Ne7 8.
O-O Nbc6 9. Na4 Bxd2 10. Qxd2 O-O 11. c3 Bf5 12. Nc5 b6 13. Bxf5 Nxf5 14. Nd3
Nd6 15. Ne5 Nxe5 16. dxe5 Nc4 17. Qd4 Nxb2 18. f4 Nc4 19. Rad1 c6 20. Rf3 Qe8
21. Rg3 Qe7 22. Qf2 f6 23. Nd4 fxe5 24. Nxc6 Qb7 25. Nb4 exf4 26. Rf3 Qf7 27.
Rd4 Rfd8 28. Rdxf4 Qe6 29. Nc2 Re8 30. h3 Rad8 {Game drawn by mutual agreement}
1/2-1/2

[Event "Team 45 45 League T89"]
[Site "Internet Chess Club"]
[Date "2021.07.23"]
[Round "3"]
[White "RD1974"]
[Black "Insan996"]
[Result "0-1"]
[WhiteElo "1536"]
[BlackElo "1591"]
[Opening "Caro-Kann: closed (Breyer) variation"]
[ECO "B10"]
[Time "18:05:33"]
[TimeControl "2700+45"]

1. e4 c6 2. d3 d5 3. Nd2 dxe4 4. Nxe4 Bf5 5. Qf3 Bg6 6. Nh3 e6 7. Nf4 Bxe4 8.
dxe4 Nd7 9. Nd3 Ngf6 10. Bg5 Be7 11. O-O-O Qa5 12. Bf4 Qxa2 13. Be2 Qa1+ 14. Kd2
Qa5+ 15. c3 Qa4 16. Rc1 Qxe4 17. Rhd1 Qxf3 18. Bxf3 O-O 19. c4 Nb6 20. Ke2 Rfd8
21. b3 h6 22. h3 Bd6 23. Be3 Nbd7 24. b4 Ne5 25. Nxe5 Bxe5 26. b5 Rxd1 27. Rxd1
cxb5 28. cxb5 Nd5 29. Bxd5 exd5 30. Rxd5 Bf6 31. Kd3 b6 32. Rd7 Kf8 33. Kc4 Ke8
34. Rb7 Be7 35. Kd5 Rd8+ 36. Kc4 Rd7 37. Rb8+ Bd8 38. Bf4 Ke7 39. Rc8 Ke6 40.
Rc6+ Ke7 41. Bg3 f5 42. Be5 Kf7 43. g3 Rd2 44. Bd4 Rc2+ 45. Kd5 Rd2 46. Kc4 Rc2+
47. Kd5 Rxc6 48. Kxc6 Ke6 49. Bxg7 h5 50. Bh6 Be7 51. Be3 Bd6 52. Bd4 Be5 53.
Be3 Bd6 54. Bf4 Be5 55. h4 Bd4 56. Bb8 Bxf2 57. Bxa7 Bxg3 58. Bxb6 f4 59. Bd4 f3
60. b6 Kf5 61. b7 Kg4 62. Bb6 Bb8 63. Bf2 Kh3 64. Kd7 Kg2 65. Ke6 Kxf2 66. Kf5
Kg3 67. Kg5 f2 68. Kxh5 f1=Q 69. Kh6 Qf6+ 70. Kh5 Qf7+ 71. Kg5 Qxb7 72. h5 Qg7+
73. Kf5 Qh6 {White resigns} 0-1

[Event "Team 45 45 League T89"]
[Site "Internet Chess Club"]
[Date "2021.07.25"]
[Round "3"]
[White "fireball"]
[Black "WillC"]
[Result "1/2-1/2"]
[WhiteElo "1530"]
[BlackElo "1464"]
[Opening "Scandinavian (center counter) defense"]
[ECO "B01"]
[Time "10:01:57"]
[TimeControl "2700+45"]

1. e4 d5 2. exd5 Qxd5 3. c4 Qa5 4. Nf3 c5 5. Nc3 Nf6 6. d4 cxd4 7. Qxd4 Nc6 8.
Qh4 e5 9. Bd2 Qc7 10. O-O-O Be7 11. Bg5 Be6 12. Nb5 Qb8 13. Bxf6 Bxf6 14. Qe4
O-O 15. Bd3 g6 16. g4 a6 17. Nc3 Rd8 18. Bb1 Nd4 19. b3 b5 20. Nd5 Bxd5 21. cxd5
Qc8+ 22. Kd2 Nxf3+ 23. Qxf3 Bg5+ 24. Ke2 Qc5 25. h4 Bf4 26. h5 Ra7 27. hxg6 fxg6
28. Kf1 Rad7 29. Be4 Rc8 30. Qh3 Rg7 31. Qf3 Rf8 32. Qe2 Be3 33. f3 Bd4 34. Kg2
Rf4 35. Qc2 Qd6 36. Qc8+ Rf8 37. Qe6+ Qxe6 38. dxe6 Re7 39. Rc1 Kg7 40. Rc6 a5
41. Ra6 Bc3 42. Rb6 Rd8 43. Rf1 Kf6 44. Rxb5 Rxe6 45. Rf2 Red6 46. a4 Kg5 47.
Kh3 Kf4 48. Rc2 Bb4 49. Rc7 R8d7 50. Rxd7 Rxd7 51. Rb7 Rxb7 52. Bxb7 g5 53. Be4
h6 54. Kg2 Ke3 {Game drawn by mutual agreement} 1/2-1/2

[Event "Team 45 45 League T89"]
[Site "Internet Chess Club"]
[Date "2021.07.24"]
[Round "3"]
[White "sdcohle"]
[Black "smsxman"]
[Result "1-0"]
[WhiteElo "1309"]
[BlackElo "1250"]
[Opening "Scandinavian (center counter) defense"]
[ECO "B01"]
[Time "14:00:50"]
[TimeControl "2700+45"]

1. e4 d5 2. exd5 Qxd5 3. Nc3 Qd8 4. Nf3 e6 5. Bc4 c5 6. O-O Nf6 7. d4 cxd4 8.
Nxd4 Be7 9. Re1 Nc6 10. Bb5 Bd7 11. Nxc6 bxc6 12. Bc4 Bb4 13. Bd2 Bxc3 14. Bxc3
O-O 15. Qf3 a5 16. Bxf6 Qxf6 17. Qxf6 gxf6 18. Rad1 Rad8 19. Rd6 f5 20. Red1 Rb8
21. Rxd7 Rxb2 22. c3 Rc2 23. R7d3 Rb8 24. Bb3 Re2 25. Kf1 Rb2 26. R3d2 Kg7 27.
Rxb2 {Black resigns} 1-0

[Event "Team 45 45 League T89"]
[Site "Internet Chess Club"]
[Date "2021.07.26"]
[Round "3"]
[White "VictorRed"]
[Black "filmdirector"]
[Result "0-1"]
[WhiteElo "1660"]
[BlackElo "1618"]
[Opening "English: closed system"]
[ECO "A26"]
[Time "21:24:13"]
[TimeControl "2700+45"]

1. c4 e5 2. Nc3 Nc6 3. g3 g6 4. Bg2 Bg7 5. d3 d6 6. Bg5 Nge7 7. Nd5 h6 8. Bf6
O-O 9. Bxg7 Kxg7 10. e4 Be6 11. h4 Qd7 12. Qd2 Nd8 13. Ne2 c6 14. Nxe7 Qxe7 15.
f4 Bg4 16. Rf1 f5 17. O-O-O Ne6 18. Rde1 Bxe2 19. Rxe2 Nd4 20. Ref2 Rf7 21. fxe5
dxe5 22. exf5 gxf5 23. Bh3 Raf8 24. Re1 Qc5 25. b4 Qd6 26. Ref1 a5 27. bxa5 Qa3+
28. Kb1 b6 29. axb6 Rb7 30. Qb2 Qxd3+ 31. Ka1 Ra8 32. Qb1 Qc3+ 33. Rb2 Nb3#
{White checkmated} 0-1